 Dungeon Crawl Stone Soup version 0.31-a0-1376-g36f0627844 (webtiles) character file.

Game seed: 4889872852868237275

75 Colgate the Twirler (level 4, -2/33 HPs)
             Began as a Demonspawn Gladiator on Dec 24, 2023.
             Slain by a gnoll
             ... wielding a +0 whip
              (6 damage)
             ... on level 2 of the Dungeon.
             The game lasted 00:04:00 (1507 turns).

Colgate the Twirler (Demonspawn Gladiator)          Turns: 1507, Time: 00:04:01

Health: -2/33      AC: 10    Str: 17    XL:     4   Next: 11%
Magic:  4/4        EV: 12    Int:  8    God:
Gold:   22         SH:  0    Dex: 14    Spells: 3/3 levels left

rFire   . . .        a - +0 quarterstaff
rCold   . . .        (shield currently unavailable)
rNeg    . . .        b - +0 leather armour
rPois   .            c - +0 helmet
rElec   .            (no cloak)
rCorr   .            (no gloves)
SInv    .            (no boots)
Will    .....        (no amulet)
Stlth   +            (no ring)
HPRegen 0.25/turn    (no ring)
MPRegen 0.09/turn

%: no passive effects
@: sanguine armoured
A: foul stench 1, sanguine armour 1
a: no special abilities


You were on level 2 of the Dungeon.
You visited 1 branch of the dungeon, and saw 2 of its levels.

You collected 22 gold pieces.

Inventory:

Hand Weapons
 a - a +0 quarterstaff (weapon)
Missiles
 d - 3 throwing nets (quivered) {!f}
 e - a javelin
Armour
 b - a +0 leather armour (worn)
 c - a +0 helmet (worn)
Jewellery
 g - a ring of fire
Talismans
 k - a granite talisman
Scrolls
 f - a scroll of identify {unknown}
 h - a scroll of fog {unknown}
 j - a scroll of enchant weapon {unknown}
Potions
 i - 2 potions of invisibility {unknown}


   Skills:
 - Level 2.0 Fighting
 + Level 4.5 Staves
 - Level 1.7 Throwing
 - Level 2.6 Dodging


You had 3 spell levels left.
You didn't know any spells.
Your spell library contained the following spells:

 Spells                   Type           Power      Damage    Failure   Level
 Jinxbite                 Hex            0%         N/A       63%         2
 Yara's Violent Unravell  Hex/Alch       0%         3d3       100%        5
 Enfeeble                 Hex            0%         N/A       100%        7


Dungeon Overview and Level Annotations

Branches:
Dungeon (2/15)

Altars:


Innate Abilities, Weirdness & Mutations

You may rarely emit foul miasma when damaged in melee.
When seriously injured, your blood forms armour. (AC +6)


Message History

You kill the kobold!
You barely miss the gnoll. The gnoll misses you.
You hit the gnoll. The gnoll hits you but does no damage.
You barely miss the gnoll. The gnoll hits you with a +0 club.
You sock the gnoll! The gnoll hits you with a +0 club.
You closely miss the gnoll. The gnoll barely misses you.
You sock the gnoll!
You kill the gnoll!
You barely miss the rat. The rat bites you but does no damage.
The gnoll closely misses you.
You barely miss the rat. The rat bites you but does no damage.
The gnoll completely misses you.
You barely miss the rat. The rat completely misses you.
The gnoll closely misses you.
You hit the rat.
You kill the rat!
The gnoll hits you from afar with a +0 spear.
The gnoll hits you with a +0 spear!
Your blood congeals into armour.
Items here: ))) †.
You barely miss the gnoll. The gnoll hits you but does no damage.
You sock the gnoll! The gnoll hits you with a +0 spear.
You sock the gnoll!
You kill the gnoll!
You have reached level 4!
You feel stronger.
Your demonic ancestry asserts itself...
You begin to emit a foul stench of rot and decay.
Unknown command.
You sock the gnoll! The gnoll closely misses you. x2
You hit the gnoll but do no damage. The gnoll closely misses you.
You barely miss the gnoll. The gnoll barely misses you.
You barely miss the gnoll. The gnoll hits you with a +0 whip.
You closely miss the gnoll. The gnoll hits you but does no damage.
You hit the gnoll. The gnoll barely misses you.
You hit the gnoll. The gnoll hits you with a +0 whip.
You completely miss the gnoll. The gnoll hits you with a +0 whip.
* * * LOW HITPOINT WARNING * * *
You emit a cloud of foul miasma!
You barely miss the gnoll.
The gnoll is engulfed in dark miasma.
The gnoll is poisoned.
The gnoll hits you with a +0 whip.
You die...

#################.....# #.......
...............##.....# ###.....
...............##.....######...†.
.................................
(......>.g........#####.####.....
...............#.....##.# ######
..##############.###..#.# ..# #g#
##...######### ........ #@#
###........... ........
#†###............. ....g...
#...+............. ...g....
#####............. .r.g....
#............. ........
###............. ........
#....(####+##### #.....# #..).#
#.....# ####.##


You could see a gnoll (poisoned).

Vanquished Creatures
  3 gnolls (D:2)
  An adder (D:2)
  A dart slug (D:1)
  5 ball pythons
  A bat (D:2)
  3 endoplasms
  2 giant cockroaches
  6 hobgoblins
  A quokka (D:2)
  2 frilled lizards
  2 goblins (D:1)
  6 kobolds
  2 rats (D:2)
35 creatures vanquished.

Notes
Turn   | Place    | Note
-------+----------+-------------------------------------------
     0 | D:1      | Colgate the Demonspawn Gladiator began the quest for the
                  | Orb.
     0 | D:1      | Reached XP level 1. HP: 16/16 MP: 1/1
    80 | D:1      | Reached skill level 3 in Staves
   122 | D:1      | Gained mutation: When seriously injured, your blood forms
                  | armour. (AC +6) [demonic ancestry]
   122 | D:1      | Reached XP level 2. HP: 16/22 MP: 2/2
   271 | D:1      | Found a faded altar of an unknown god.
   928 | D:2      | Reached XP level 3. HP: 24/27 MP: 3/3
  1096 | D:2      | Reached skill level 4 in Staves
  1499 | D:2      | Gained mutation: You may rarely emit foul miasma when
                  | damaged in melee. [demonic ancestry]
  1499 | D:2      | Reached XP level 4. HP: 13/33 MP: 4/4
  1507 | D:2      | Slain by a gnoll

Illustrated notes

Levels and vault maps discovered:
D:1:      scummos_arrival_gate, layout_basic, nicolae_ecumenical_snake_handling
D:2:      layout_basic, amcnicky_mini_rare_corridor_liquid, grunt_ministairs_12

Skill      XL: |  1  2  3 |
---------------+----------+-----
Staves         | 3 4 |  4.5
Fighting       | |  2.0
Throwing       | |  1.7
Dodging        | |  2.6

Action                     |  1- 3 |  4- 6 || total
---------------------------+-------+-------++-------
  Melee: Quarterstaff      |   105 |     9 ||   114
   Stab: Sleeping          |     1 |       ||     1
 Armour: Leather armour    |    54 |     5 ||    59
  Dodge: Dodged            |    60 |     5 ||    65

Table legend: (Time is in decaauts)
 A = Elapsed time spent in this place.
 B = Non-inter-level travel time spent in this place.
 C = Inter-level travel time spent in this place.
 D = Time resting spent in this place.
 E = Time spent auto-exploring this place.
 F = Levels seen in this place.
 G = Mean time per level.
                   A        B        C        D        E       F      G
               +--------+--------+--------+--------+--------+-----+--------+
         Total |   1519 |   1502 |     17 |      0 |   1221 |   2 |  759.5 |
       Dungeon |   1519 |   1502 |     17 |      0 |   1221 |   2 |  759.5 |
               +--------+--------+--------+--------+--------+-----+--------+

Top non-repeatable levels by time:
     D:1: 927 daAuts
     D:2: 592 daAuts
